 Dungeon Crawl Stone Soup version 0.29-a0-369-gd956c00756 (webtiles) character file.

Game seed: 14302724343072082785

89 bastard the Vexing (level 4, -2/21 HPs)
             Began as a Spriggan Enchanter on May 2, 2022.
             Slain by a kobold brigand
             ... wielding a +0 short sword
              (6 damage)
             ... on level 4 of the Dungeon.
             The game lasted 00:05:36 (3411 turns).

bastard the Vexing (Spriggan Enchanter)             Turns: 3411, Time: 00:05:37

Health: -2/21      AC:  2    Str:  4    XL:     4   Next: 31%
Magic:  6/9        EV: 17    Int: 18    God:
Gold:   13         SH:  0    Dex: 15    Spells: 3/8 levels left

rFire   . . .      SeeInvis +   a - +1 dagger
rCold   . . .      Faith    .   (no shield)
rNeg    . . .      Spirit   .   b - +0 robe
rPois   .          Reflect  .   (helmet restricted)
rElec   .          Harm     .   m - scarf {+Inv}
rCorr   .          Rampage  .   (gloves unavailable)
Will    .....                   (boots unavailable)
Stlth   +++.......              (no amulet)
HPRegen 0.07/turn               (no ring)
MPRegen 0.11/turn               (no ring)

@: invisible, very quick
A: very small, no large weapons, unfitting armour, see invisible, speed 3
a: Evoke Invisibility


You were on level 4 of the Dungeon.
You visited 1 branch of the dungeon, and saw 4 of its levels.

You collected 117 gold pieces.
You spent 104 gold pieces at shops.

Inventory:

Hand Weapons
 a - a +1 dagger (weapon)
Armour
 b - a +0 robe (worn)
 m - a scarf of invisibility (worn)
Jewellery
 o - an amulet of regeneration
Wands
 j - a wand of iceblast (6)
Scrolls
 d - 4 scrolls of identify
 i - 5 scrolls of teleportation
 l - a scroll of vulnerability
Potions
 c - 2 potions of invisibility
 e - a potion of berserk rage
 g - 3 potions of haste


   Skills:
 - Level 1.1 Short Blades
 - Level 2.6 Dodging
 + Level 5.0 Stealth
 - Level 2.6 Spellcasting
 - Level 6.0 Hexes


You had 3 spell levels left.
You knew the following spells:

 Your Spells              Type           Power      Damage    Failure   Level
a - Ensorcelled Hibernat  Hex/Ice        26%        N/A       8%          2
b - Confusing Touch       Hex            24%        N/A       4%          3

Your spell library contained the following spells:

 Spells                   Type           Power      Damage    Failure   Level
 Tukima's Dance           Hex            24%        N/A       4%          3
 Dazzling Flash           Conj/Hex       26%        N/A       14%         3
 Inner Flame              Hex/Fire       13%        N/A       14%         3
 Shock                    Conj/Air       8%         1d3       17%         1
 Conjure Flame            Conj/Fire      2%         6-21      45%         3
 Ignite Poison            Fire/Tmut/Pois 2%         N/A       45%         3
 Swiftness                Air            2%         N/A       45%         3
 Cause Fear               Hex            12%        N/A       14%         4
 Airstrike                Air            1%         N/A       86%         4
 Sticky Flame             Conj/Fire      2%         2d3       86%         4
 Discord                  Hex            12%        N/A       100%        8


Dungeon Overview and Level Annotations

Branches:
Dungeon (4/15)
 Temple: D:4-7

Altars:

Shops:
D:3 ?


Innate Abilities, Weirdness & Mutations

You are very small and have problems with some larger weapons.
You are too small for most types of armour.
You have supernaturally acute eyesight. (SInv)
You cover ground extremely quickly. (Speed+++)


Message History

You climb upwards.
You feel your willpower return.
There is a stone staircase leading down here.
Magic restored.
HP restored.
Done exploring.
You climb downwards.
The kobold brigand hits you with a +0 short sword!
The howler monkey zombie hits you but does no damage.
The kobold brigand completely misses you.
The howler monkey zombie hits you.
There is a stone staircase leading up, spattered with blood here.
As you read the scroll of fear, it crumbles to dust.
You assume a fearsome visage.
The howler monkey zombie is unaffected.
The kobold brigand looks frightened!
The howler monkey zombie misses you.
The howler monkey zombie barely misses you.
Cornered, the kobold brigand turns to fight!
Casting: Ensorcelled Hibernation (safe; 8% risk of failure)
Confirm with . or Enter, or press ? or * to list all spells.
The spell is quite dangerous to miscast (4% risk of failure)!
Continue anyway? [Y]es or [N]o only, please.
The spell is quite dangerous to miscast (4% risk of failure)!
Continue anyway?
Your hands begin to glow red.
The howler monkey zombie hits you.
* * * LOW HITPOINT WARNING * * *
You fade into invisibility!
The howler monkey zombie closely misses you.
You hit the howler monkey zombie but do no damage.
The howler monkey zombie barely misses you.
You hit the howler monkey zombie but do no damage.
The howler monkey zombie appears confused.
The kobold brigand closely misses you.
You hit the kobold brigand.
The kobold brigand is lightly wounded.
You hit the kobold brigand.
The kobold brigand is lightly wounded.
The kobold brigand hits you but does no damage.
You hit the kobold brigand.
The kobold brigand is moderately wounded.
The kobold brigand hits you with a +0 short sword.
You die...

.# ...
....########
#....?...#
#.......#
#....@K.#
##.......#
..........<#
#.##......Z#
. #.......#
#########


You could see a kobold brigand (wandering, can't see you) and a howler monkey
zombie (wandering, confused, can't see you).

Vanquished Creatures
  2 adders
  A worm (D:2)
  A dart slug (D:2)
  4 bats (D:1)
  6 endoplasms
  5 giant cockroaches
  5 goblins
  7 hobgoblins
  4 jackals (D:3)
  3 kobolds
  5 quokkas
  5 ball pythons
  A frilled lizard (D:3)
  9 rats
58 creatures vanquished.

Vanquished Creatures (others)
  2 plants (D:1)
2 creatures vanquished.

Grand Total: 60 creatures vanquished

Notes
Turn   | Place    | Note
-------+----------+-------------------------------------------
     0 | D:1      | bastard the Spriggan Enchanter began the quest for the Orb.
     0 | D:1      | Reached XP level 1. HP: 9/9 MP: 5/5
    34 | D:1      | Reached skill level 4 in Hexes
    72 | D:1      | Reached XP level 2. HP: 13/13 MP: 6/6
    77 | D:1      | Learned a level 2 spell: Ensorcelled Hibernation
   590 | D:1      | Reached skill level 5 in Hexes
   769 | D:1      | Reached XP level 3. HP: 16/16 MP: 8/8
   773 | D:1      | Learned a level 3 spell: Confusing Touch
   781 | D:1      | Found a faded altar of an unknown god.
  2210 | D:3      | Reached XP level 4. HP: 17/21 MP: 9/9
  2211 | D:3      | Reached skill level 6 in Hexes
  2999 | D:3      | Reached skill level 5 in Stealth
  3194 | D:3      | Found Nabentochu's Magic Scroll Shop.
  3203 | D:3      | Bought 2 scrolls of identify for 52 gold pieces
  3203 | D:3      | Bought a scroll of teleportation for 39 gold pieces
  3203 | D:3      | Bought a scroll of noise for 13 gold pieces
  3264 | D:4      | Noticed a kobold brigand
  3411 | D:4      | Slain by a kobold brigand

Illustrated notes

Levels and vault maps discovered:
D:1:      dpeg_arrival_subterranean_lakeside_camping, layout_basic,
          chequers_ecumenical_altar_lobes
D:2:      layout_loops_ring
D:3:      layout_loops_cross, serial_shops, shop, ebering_dispersal_statue_hall
D:4:      layout_rooms, serial_undead, serial_undead_d, serial_undead_b,
          serial_undead_e, serial_undead_e, serial_undead_a, serial_undead_e,
          serial_undead_a, serial_undead_c, serial_undead_c, serial_undead_a,
          minmay_mini_ossuary

Skill      XL: |  1  2  3  4 |
---------------+-------------+-----
Hexes          | 4 5 6 |  6.0
Stealth        | 5 |  5.0
Short Blades   | |  1.1
Dodging        | |  2.6
Spellcasting   | |  2.6

Action                   |  1- 3 |  4- 6 || total
-------------------------+-------+-------++-------
Melee: Dagger            |   129 |    56 ||   185
       Punch             |     1 |       ||     1
 Cast: Ensorcelled Hiber |     7 |     4 ||    11
       Confusing Touch   |     1 |     1 ||     2
  Use: Scroll            |       |     7 ||     7
       Potion            |       |     1 ||     1
 Stab: Sleeping          |    22 |     1 ||    23
       Confused          |     1 |       ||     1
Armor: Robe              |    14 |     2 ||    16
Dodge: Dodged            |    86 |    54 ||   140

Table legend: (Time is in decaauts)
 A = Elapsed time spent in this place.
 B = Non-inter-level travel time spent in this place.
 C = Inter-level travel time spent in this place.
 D = Time resting spent in this place.
 E = Time spent auto-exploring this place.
 F = Levels seen in this place.
 G = Mean time per level.
                   A        B        C        D        E       F      G
               +--------+--------+--------+--------+--------+-----+--------+
         Total |   2597 |   2541 |     56 |      0 |   2069 |   4 |  649.2 |
       Dungeon |   2597 |   2541 |     56 |      0 |   2069 |   4 |  649.2 |
               +--------+--------+--------+--------+--------+-----+--------+

Top non-repeatable levels by time:
     D:2: 973 daAuts
     D:1: 882 daAuts
     D:3: 719 daAuts
     D:4: 21 daAuts
